 Dungeon Crawl Stone Soup version 0.19-a0-929-g333bac9 (webtiles) character file.

837 Musica the Slinger (level 8, 0/51 HPs)
             Began as a Halfling Hunter on July 7, 2016.
             Was a Follower of Okawaru.
             Slain by Pikel
             ... wielding a +1 whip of electrocution
              (10 damage)
             ... on level 5 of the Dungeon.
             The game lasted 00:17:01 (4341 turns).

Musica the Slinger (Halfling Hunter)                Turns: 4341, Time: 00:17:01

Health: 0/51       AC:  4    Str: 12    XL:     8   Next: 19%
Magic:  9/9        EV: 14    Int: 10    God:    Okawaru [*.....]
Gold:   328        SH:  6    Dex: 17    Spells: 0 memorised, 7 levels left

rFire  . . .     SeeInvis .     a - +2 hunting sling
rCold  . . .     Gourm    .     c - +1 leather armour
rNeg   . . .     Faith    .     x - +2 buckler
rPois  .         Spirit   .     (no helmet)
rElec  .         Dismiss  .     (no cloak)
rCorr  .         Reflect  .     (no gloves)
SustAt .         Harm     .     (no boots)
MR     .....                    (no amulet)
Stlth  ++........               (no ring)
                                (no ring)

@: not resistant to hostile enchantments, unstealthy
A: mutation resistance 1, subdued magic 1
a: Heroism, Renounce Religion


You were on level 5 of the Dungeon.
You worshipped Okawaru.
Okawaru was aware of your devotion.
You were hungry.

You visited 1 branch of the dungeon, and saw 6 of its levels.

You collected 328 gold pieces.

Inventory:

Hand Weapons
 a - a +2 hunting sling (weapon)
 b - a +0 short sword
Missiles
 e - 41 stones (quivered)
Armour
 c - a +1 leather armour (worn)
 s - the +0 leather armour of the Moon Troll {rN+ Int+3 Dex-4}
   (You found it on level 4 of the Dungeon)

   It affects your intelligence (+3).
   It affects your dexterity (-4).
   It protects you from negative energy.
 x - a +2 buckler (worn)
Jewellery
 k - an uncursed ring of protection from fire
 l - an uncursed ring of protection from fire
 m - an uncursed amulet of dismissal
 n - a +4 ring of intelligence
Scrolls
 g - 2 scrolls of enchant weapon
 j - 2 scrolls of magic mapping
 r - 3 scrolls of remove curse
Books
 p - a book of Callings

   Spells                             Type                      Level
   a - Summon Small Mammal            Summoning                    1
   b - Call Imp                       Summoning                    2
   c - Call Canine Familiar           Summoning                    3
   d - Summon Guardian Golem          Hexes/Summoning              3
   e - Summon Lightning Spire         Summoning/Air                4
   f - Summon Ice Beast               Ice/Summoning                4
Comestibles
 f - 3 bread rations
 h - 4 meat rations
 i - a slice of pizza
 q - a beef jerky


   Skills:
 + Level 2.6 Fighting
 + Level 12.4 Slings
 - Level 2.1 Dodging
 - Level 1.1 Stealth
 * Level 2.1 Invocations


You had 7 spell levels left.
You didn't know any spells.

Dungeon Overview and Level Annotations

Branches:
Dungeon (6/15)             Temple (0/1) D:5

Altars:
Gozag
Okawaru
Trog
Yredelemnul

Annotations:
D:3 Musica's ghost, amateur CeHu
D:5 Pikel


Innate Abilities, Weirdness & Mutations

You are small and have problems with some larger weapons.
You are somewhat resistant to further mutation.
Your spells are a little easier to cast, but a little less powerful.


Message History

There is a stone staircase leading up here.
You block Pikel's attack.
You climb upwards.
There is a stone staircase leading down here.
You are feeling hungry.
Pikel says, "I'm sure they'll be treated well, anyway."
You see here 2 sling bullets.
You open the door.
Found 16 sling bullets.
There is an open door here.
A wight comes into view. It is wielding a short sword.
As you read the scroll labeled KUSYKKAFREN, it crumbles to dust.
It is a scroll of enchant weapon.
Enchant which weapon? (? for menu, Esc to quit)
Your +1 hunting sling glows red for a moment.
You block Pikel's attack.
Pikel hits you with a whip of electrocution.
* * * LOW HITPOINT WARNING * * *
You are electrocuted!
You die...

###.#######.##
#.# #(# ##'##
##...##
##.....##
##....(..##
#.........#
+...@K....+
#.........#
##.......##
##.....##
##.z.## ##'##
#.. ########.#
#<....zzz#


You could see Pikel and a wight.

Vanquished Creatures
  A sky beast (D:6)
  2 slaves (D:5)
  2 phantoms
  A centaur (D:5)
  A scorpion (D:3)
  A giant frog zombie (D:5)
  2 orc priests (D:4)
  Jessica (D:2)
  An iguana (D:3)
  3 orc wizards
  3 worker ants (D:4)
  A howler monkey skeleton (D:4)
  4 adders
  A shadow imp (D:5)
  2 worms
  A giant gecko (D:5)
  29 orcs
  5 bats
  4 giant cockroaches
  5 goblins
  A hobgoblin (D:2)
  11 jackals
  8 kobolds
  4 giant newts
  5 rats
  A spectral orc (D:3)
100 creatures vanquished.

Notes
Turn   | Place    | Note
-------+----------+-------------------------------------------
     0 | D:1      | Musica the Halfling Hunter began the quest for the Orb.
     0 | D:1      | Reached XP level 1. HP: 14/14 MP: 1/1
   101 | D:1      | Reached skill level 6 in Slings
   156 | D:1      | Reached XP level 2. HP: 19/19 MP: 2/2
   709 | D:2      | Noticed Jessica
   717 | D:2      | Killed Jessica
   717 | D:2      | Reached skill level 7 in Slings
   717 | D:2      | Reached XP level 3. HP: 24/24 MP: 3/3
   721 | D:2      | Reached XP level 4. HP: 29/29 MP: 4/4
   982 | D:3      | Reached skill level 8 in Slings
   982 | D:3      | Reached XP level 5. HP: 28/34 MP: 5/5
   993 | D:3      | Noticed Musica's ghost (amateur CeHu)
  1123 | D:4      | Found a bloodstained altar of Trog.
  1124 | D:4      | Reached skill level 9 in Slings
  1125 | D:4      | Found an iron altar of Okawaru.
  1134 | D:4      | Became a worshipper of Warmaster Okawaru
  1171 | D:5      | Entered Level 5 of the Dungeon
  1296 | D:4      | Noticed a phantom
  1765 | D:3      | Reached XP level 6. HP: 39/39 MP: 6/6
  1806 | D:3      | Found a basalt altar of Yredelemnul.
  2275 | D:4      | Reached skill level 10 in Slings
  2745 | D:4      | Killed a phantom
  2745 | D:4      | Reached skill level 11 in Slings
  2745 | D:4      | Reached XP level 7. HP: 41/45 MP: 7/7
  2805 | D:5      | Found a staircase to the Ecumenical Temple.
  2986 | D:4      | Reached * piety under Okawaru
  2987 | D:4      | Got a transparent leather armour
  2998 | D:4      | Identified the +0 leather armour of the Moon Troll {rN+ Int+3 Dex-4} (You found it on level 4 of the Dungeon)
  3282 | D:5      | Found an opulent altar of Gozag.
  3439 | D:5      | Reached skill level 1 in Invocations
  3519 | D:6      | Gained mutation: Your spells are a little easier to cast, but a little less powerful. [mutagenic meat]
  4179 | D:5      | Reached skill level 12 in Slings
  4179 | D:5      | Reached XP level 8. HP: 44/51 MP: 9/9
  4217 | D:5      | Noticed Pikel
  4341 | D:5      | Slain by Pikel

Vault maps used:
D:1:      scummos_arrival_simple_crosswalls, minmay_misc_feat_secret_circle
D:2:      nrook_mini_backslash, uniq_jessica
D:3:      yredelemnul_forgotten_temple_becter
D:4:      wad_crossroads, grunt_temple_overflow_bloody_war, first_bread,
          item_on_display_a
D:5:      overflow_temple_1_default, uniq_pikel
D:6:      uniq_sigmund

Skill      XL: |  1  2  3  4  5  6  7  8 |
---------------+-------------------------+-----
Slings         | 6 7 8 9 11 12 | 12.4
Fighting       | 2 |  2.6
Invocations    | 1 2 |  2.1
Dodging        | |  2.1
Stealth        | |  1.1

Action                   |  1- 3 |  4- 6 |  7- 9 || total
-------------------------+-------+-------+-------++-------
Melee: Short sword       |       |    83 |       ||    83
 Fire: Hunting sling     |    62 |   157 |   177 ||   396
  Use: Scroll            |     2 |     5 |     1 ||     8
       Potion            |       |     8 |     1 ||     9
 Stab: Sleeping          |       |     2 |       ||     2
  Eat: Chunk             |       |     6 |     7 ||    13
       Fruit             |       |       |     3 ||     3
Armor: Leather armour    |     2 |    21 |     6 ||    29
Dodge: Dodged            |    12 |    97 |    20 ||   129
Block: Buckler           |       |    21 |    23 ||    44
